 Dungeon Crawl Stone Soup version 0.22.1-1-ga44c0e5 (webtiles) character file.

3569 Folque the Geomancer (level 9, -2/67 HPs)
             Began as a Red Draconian Earth Elementalist on Nov 2, 2018.
             Was a Believer of Sif Muna.
             Slain by Psyche
             ... wielding a +4 dagger of chaos
              (12 damage)
             ... while paralysed by Psyche
             ... on level 8 of the Dungeon.
             The game lasted 00:28:13 (7599 turns).

Folque the Geomancer (DrEE)                         Turns: 7599, Time: 00:28:14

Health: -2/67      AC:  8    Str: 11    XL:     9   Next: 84%
Magic:  2/19       EV:  2    Int: 18    God:    Sif Muna [**....]
Gold:   417        SH:  0    Dex: 12    Spells: 1/22 levels left

rFire    + . .     SeeInvis .   e - +3 falchion (elec)
rCold    . . .     Gourm    .   (no shield)
rNeg     . . .     Faith    .   (armour unavailable)
rPois    .         Spirit   .   (helmet restricted)
rElec    .         Reflect  .   (no cloak)
rCorr    .         Harm     .   h - +0 pair of gloves
MR       .....                  (no boots)
Stlth    ++........             (no amulet)
HPRegen  0.21/turn              (no ring)
MPRegen  0.16/turn              (no ring)

@: paralysed, lethally poisoned (-2 -> -11), very slightly contaminated,
drained, divine energy
A: breathe fire, unfitting armour, fire resistance 1, cold-blooded, AC +7
a: Breathe Fire, Stop Divine Energy, Renounce Religion


You were on level 8 of the Dungeon.
You worshipped Sif Muna.
Sif Muna was pleased with you.
You were very hungry.

You visited 2 branches of the dungeon, and saw 9 of its levels.

You collected 417 gold pieces.

Inventory:

Hand Weapons
 e - a +3 falchion of electrocution (weapon)
 g - a -3 hand axe
Missiles
 b - 117 stones (quivered)
 o - 2 throwing nets
Armour
 h - a +0 pair of gloves (worn)
Jewellery
 f - an uncursed ring of resist corrosion {unknown}
 k - an uncursed ring of protection from cold {unknown}
 p - an uncursed ring of ice {unknown}
 t - an uncursed ring of protection from magic {unknown}
 x - an uncursed ring of ice {unknown}
 B - an uncursed amulet of the acrobat {unknown}
 F - an uncursed amulet of harm {unknown}
Wands
 u - a wand of iceblast (10)
Scrolls
 j - a scroll of enchant weapon
 m - 4 scrolls of identify
 n - a scroll of teleportation
 q - a scroll of blinking
 v - a scroll of acquirement {unknown}
 w - a scroll of fear {unknown}
 y - a scroll of random uselessness {unknown}
 A - a scroll of remove curse
 C - a scroll of vulnerability {unknown}
 G - a scroll of fog {unknown}
Potions
 a - 2 potions of flight {unknown}
 d - a potion of curing
 i - a potion of berserk rage {unknown}
 l - 2 potions of degeneration {unknown}
 r - 2 potions of haste {unknown}
 s - 2 potions of brilliance {unknown}
 z - a potion of mutation {unknown}
 D - a potion of cancellation
 E - a potion of ambrosia {unknown}
Comestibles
 c - 7 rations


   Skills:
 - Level 2.1(1.8) Fighting
 - Level 2.6(2.3) Dodging
 - Level 1.7(1.5) Stealth
 - Level 7.0(6.7) Spellcasting
 * Level 3.1(2.9) Conjurations
 - Level 1.0(0.7) Transmutations
 + Level 5.4(5.1) Fire Magic
 - Level 10.5(10.2) Earth Magic


You had one spell level left.
You knew the following spells:

 Your Spells              Type           Power        Failure   Level  Hunger
a - Sandblast             Erth           #####.       1%          1    None
b - Passwall              Tmut/Erth      ####....     1%          2    None
c - Stone Arrow           Conj/Erth      ####..       2%          3    ##.....
d - Lee's Rapid Deconstr  Erth           #####.....   4%          5    #####..
e - Petrify               Tmut/Erth      ####....     12%         4    ####...
f - Flame Tongue          Conj/Fire      ###..        2%          1    None
g - Fireball              Conj/Fire      ###.......   52%         5    #####..

Your spell library contained the following spells:

 Spells                   Type           Power        Failure   Level  Hunger
 Summon Small Mammal      Summ           #...         11%         1    None
 Throw Flame              Conj/Fire      ###...       3%          2    None
 Conjure Flame            Conj/Fire      ###.....     6%          3    ##.....
 Inner Flame              Hex/Fire       ###.....     12%         3    ##.....
 Call Imp                 Summ           #.......     17%         2    None
 Sticky Flame             Conj/Fire      ###.....     22%         4    ####...
 Call Canine Familiar     Summ           #.......     32%         3    ##.....
 Summon Guardian Golem    Hex/Summ       #.......     32%         3    ##.....
 Summon Ice Beast         Ice/Summ       #.......     73%         4    ####...
 Summon Lightning Spire   Summ/Air       #.......     73%         4    ####...


Dungeon Overview and Level Annotations

Branches:
Dungeon (8/15)             Temple (1/1) D:5
   Lair: D:8-11

Altars:
Ashenzari
Cheibriados
Dithmenos
Fedhas
Gozag
Hepliaklqana
Kikubaaqudgha
Makhleb
Nemelex Xobeh
Okawaru
Qazlal
Ru
Sif Muna
Trog
Uskayaw
Vehumet
Wu Jian
Xom
Zin
The Shining One
Lugonu

Shops:
D:7 *

Annotations:
D:8 Erica, Harold, Psyche


Innate Abilities, Weirdness & Mutations

You can breathe blasts of fire.
Your fiery red scales are hard. (AC +7)
You cannot fit into any form of body armour.
Your flesh is heat resistant. (rF+)
You are cold-blooded and may be slowed by cold attacks.


Message History

The puff of flame hits you! You resist.
Casting: Petrify (safe; 12% risk of failure)
Confirm with . or Enter, or press ? or * to list all spells.
Aiming: Petrify (safe; 12% risk of failure)
Press: ? - help, Shift-Dir - straight line, f/p - Psyche
Aim: Psyche, wielding a dagger of chaos, wearing a robe and carrying a wand of Psyche is moving more slowly.
You feel sick.
Psyche points at you and mumbles some strange words.
The puff of frost hits you!
Psyche zaps a wand.
You suddenly lose the ability to move!
You feel sick. Psyche hits you but does no damage.
Psyche hits you with a dagger of chaos.
You are more poisoned.
Psyche hits you with a dagger of chaos. Psyche burns you.
You feel sick. Psyche hits you with a dagger of chaos.
You are electrocuted!
* * * LOW HITPOINT WARNING * * *
Psyche hits you with a dagger of chaos.
* * * LOW HITPOINT WARNING * * *
You are electrocuted!
You die...

#'###### #####.#....# ......#
#........## ......# #.........#
......# ##### #.......#.#
......#####...# #..........
.......(.)....# #........#..
..............# #...........#
####.>...)....######.........#.#
#..........'.@@Z........#.#.#
............##########.#.#.#.#
.........##### #.#.#.@.#.
........... ####'#+#.....
..........#. #.......<....
.......## #........#... .......
#..†......... #........##..
#........# .


You could see Psyche (petrifying) and a bullfrog skeleton.

Vanquished Creatures
  Pikel (D:4)
  The ghost of Jaiteiro the Shield-Bearer, an amateur GnFi (D:7)
  A hornet (D:8)
  A troll (D:7)
  Sigmund (D:3)
  2 hungry ghosts
  Duvessa (D:7)
  A water moccasin (D:7)
  2 slaves
  An orc warrior (D:8)
  A black bear (D:4)
  3 ogres (D:5)
  3 centaurs
  Dowan (D:7)
  4 bullfrogs
  3 killer bees (D:8)
  A crimson imp (D:5)
  A bullfrog zombie (D:7)
  3 hounds
  A bullfrog skeleton (D:5)
  5 orc wizards
  A centaur skeleton (D:5)
  An iguana (D:7)
  Natasha (thrice) (D:4)
  4 worker ants
  A hound skeleton (D:5)
  A howler monkey zombie (D:5)
  11 gnolls
  6 adders
  A shadow imp (D:8)
  An ooze (D:2)
  3 dart slugs
  A worm (D:2)
  A leopard gecko (D:7)
  15 orcs
  2 ball pythons
  5 bats
  7 goblins
  7 hobgoblins
  8 jackals
  2 quokkas
  4 frilled lizards
  A jackal skeleton (D:4)
  10 kobolds
  A leopard gecko skeleton (D:8)
  5 rats
140 creatures vanquished.

Vanquished Creatures (others)
  2 slaves (D:4)
2 creatures vanquished.

Grand Total: 142 creatures vanquished

Notes
Turn   | Place    | Note
-------+----------+-------------------------------------------
     0 | D:1      | Folque the Draconian Earth Elementalist began the quest for
                  | the Orb.
     0 | D:1      | Reached XP level 1. HP: 14/14 MP: 3/3
   262 | D:1      | Found an iron altar of Okawaru.
   331 | D:1      | Reached XP level 2. HP: 18/20 MP: 5/5
   943 | D:2      | Learned a level 2 spell: Passwall
   963 | D:2      | Reached XP level 3. HP: 21/26 MP: 3/6
   991 | D:2      | Reached skill level 4 in Earth Magic
   997 | D:2      | Learned a level 3 spell: Stone Arrow
  1059 | D:2      | Found a radiant altar of Vehumet.
  1178 | D:2      | Found an ancient bone altar of Kikubaaqudgha.
  1220 | D:2      | Found a blossoming altar of Fedhas.
  1241 | D:2      | Found a shadowy altar of Dithmenos.
  1739 | D:3      | You fall through a shaft for 3 floors!
  1765 | D:5      | Entered Level 5 of the Dungeon
  1789 | D:5      | Found a sacrificial altar of Ru.
  1809 | D:5      | Reached skill level 1 in Conjurations
  1809 | D:5      | Reached XP level 4. HP: 15/33 MP: 0/8
  1853 | D:5      | Noticed a black bear
  1857 | D:4      | Noticed Pikel
  1857 | D:4      | Noticed a slave
  1857 | D:4      | Noticed a slave
  1857 | D:4      | Noticed a slave
  1857 | D:4      | Noticed a slave
  2147 | D:3      | Reached XP level 5. HP: 36/38 MP: 10/10
  2160 | D:3      | Learned a level 5 spell: Lee's Rapid Deconstruction
  2576 | D:3      | Noticed Sigmund
  2678 | D:3      | Killed Sigmund
  2678 | D:3      | Reached XP level 6. HP: 45/45 MP: 0/12
  3179 | D:3      | Killed a slave
  3334 | D:4      | Reached skill level 5 in Earth Magic
  3484 | D:4      | Killed a slave
  3552 | D:4      | Killed Pikel
  3552 | D:4      | Reached skill level 5 in Spellcasting
  3552 | D:4      | Reached skill level 6 in Earth Magic
  3552 | D:4      | Your scales start taking on a fiery red colour.
  3552 | D:4      | Reached XP level 7. HP: 34/51 MP: 0/14
  3552 | D:4      | Gained mutation: Your flesh is heat resistant. (rF+) [Red
                  | Draconian growth]
  3558 | D:4      | Learned a level 4 spell: Petrify
  3744 | D:4      | Noticed Natasha
  3752 | D:4      | Killed Natasha
  3846 | D:4      | Noticed Natasha
  3849 | D:4      | Killed Natasha
  3849 | D:4      | Reached skill level 7 in Earth Magic
  4137 | D:4      | Noticed Natasha
  4255 | D:4      | Killed Natasha
  4309 | D:5      | Reached XP level 8. HP: 45/58 MP: 11/16
  4350 | D:5      | Found a stormy altar of Qazlal.
  4496 | D:5      | Reached skill level 8 in Earth Magic
  4572 | D:5      | Found a bloodstained altar of Trog.
  4942 | D:5      | Found a staircase to the Ecumenical Temple.
  4951 | Temple   | Entered the Ecumenical Temple
  4975 | Temple   | Became a worshipper of Sif Muna the Loreminder
  5021 | D:6      | Found a runed door.
  5038 | D:6      | Noticed Jaiteiro's ghost (amateur GnFi)
  5047 | D:6      | Reached skill level 9 in Earth Magic
  5092 | D:6      | Found a hide-covered altar of Uskayaw.
  5145 | D:7      | Killed Jaiteiro's ghost
  5145 | D:7      | Reached XP level 9. HP: 19/63 MP: 1/19
  5164 | D:7      | Learned a level 1 spell: Flame Tongue
  5408 | D:7      | Noticed Duvessa
  5408 | D:7      | Noticed Dowan
  5433 | D:7      | Killed Duvessa
  5433 | D:7      | Reached skill level 1 in Fire Magic
  5451 | D:7      | Killed Dowan
  5451 | D:7      | Reached * piety under Sif Muna
  5590 | D:7      | Found a hazy altar of Hepliaklqana.
  5590 | D:7      | Found a glowing golden altar of the Shining One.
  5854 | D:7      | Reached skill level 10 in Earth Magic
  6078 | D:7      | Found a shimmering altar of Xom.
  6079 | D:7      | Noticed an angel
  6081 | D:7      | Reached skill level 1 in Fighting
  6092 | D:7      | Found a glowing silver altar of Zin.
  6276 | D:7      | Found Ruywk's Assorted Antiques.
  6296 | D:7      | Noticed a troll
  6301 | D:7      | Killed a troll
  6743 | D:8      | Noticed Erica
  6785 | D:8      | Reached ** piety under Sif Muna
  6800 | D:8      | Paralysed by a hornet for 1 turns
  6958 | D:8      | Noticed Harold
  6966 | D:8      | Noticed Psyche
  7157 | D:8      | Reached skill level 5 in Fire Magic
  7165 | D:8      | Learned a level 5 spell: Fireball
  7596 | D:8      | Paralysed by Psyche for 7 turns
  7599 | D:8      | Slain by Psyche

Skill      XL: |  1  2  3  4  5  6  7  8  9 |
---------------+----------------------------+-----
Earth Magic    | 4 6 7 9 10 | 10.5
Spellcasting   | 3 4 5 6 7 |  7.0
Conjurations   | 1 2 3 |  3.1
Fire Magic     | 5 |  5.4
Fighting       | 2 |  2.1
Dodging        | 2 |  2.6
Stealth        | |  1.7
Transmutations | |  1.0

Action                   |  1- 3 |  4- 6 |  7- 9 || total
-------------------------+-------+-------+-------++-------
Melee: Unarmed           |    32 |       |       ||    32
       Hand axe          |   136 |    62 |       ||   198
       Tailslap          |    18 |     7 |     5 ||    30
       Falchion          |       |    12 |    71 ||    83
 Cast: Sandblast         |     8 |    18 |    31 ||    57
       Stone Arrow       |     5 |    17 |    44 ||    66
       Lee's Rapid Decon |       |     3 |    20 ||    23
       Petrify           |       |       |    23 ||    23
       Flame Tongue      |       |       |    20 ||    20
Invok: Divine Energy     |       |       |     2 ||     2
       Stop Divine Energ |       |       |     1 ||     1
 Abil: Breathe Fire      |       |       |     1 ||     1
  Use: Scroll            |     3 |     4 |     4 ||    11
       Potion            |       |       |     3 ||     3
 Stab: Sleeping          |     5 |       |       ||     5
       Petrified         |       |       |     8 ||     8
  Eat: Chunk             |     4 |     8 |    21 ||    33
       Ration            |       |       |     1 ||     1
Armor: Skin              |    64 |    37 |    40 ||   141
Dodge: Dodged            |   106 |    55 |    70 ||   231
       Rpst.: Falchion   |       |     1 |    13 ||    14
